 Dungeon Crawl Stone Soup version 0.23.0-3-gf3c87f2df8 (webtiles) character file.

Game seed: 916118342946478241

153 Heedrag the Magician (level 5, -1/29 HPs)
             Began as a Deep Elf Conjurer on Feb 24, 2019.
             Slain by a ball python (2 damage)
             ... on level 3 of the Dungeon.
             The game lasted 00:11:26 (2512 turns).

Heedrag the Magician (Deep Elf Conjurer)            Turns: 2512, Time: 00:11:26

Health: -1/29      AC:  3    Str:  6    XL:     5   Next: 12%
Magic:  0/15       EV: 10    Int: 20    God:
Gold:   136        SH:  0    Dex: 15    Spells: 7/15 levels left

rFire    . . .     SeeInvis .   g - +0 short sword
rCold    . . .     Gourm    .   (no shield)
rNeg     . . .     Faith    .   a - +0 robe
rPois    .         Spirit   .   (no helmet)
rElec    .         Reflect  .   (no cloak)
rCorr    .         Harm     .   (no gloves)
MR       .....                  f - +0 pair of boots
Stlth    ++........             (no amulet)
HPRegen  0.09/turn              (no ring)
MPRegen  0.14/turn              (no ring)

@: constricted
A: no striking features
a: no special abilities


You were on level 3 of the Dungeon.
You were hungry.

You visited 1 branch of the dungeon, and saw 3 of its levels.

You collected 136 gold pieces.

Inventory:

Hand Weapons
 g - a +0 short sword (weapon)
Armour
 a - a +0 robe (worn)
 f - a +0 pair of boots (worn)
Jewellery
 n - an uncursed ring of protection from magic
Scrolls
 b - 2 scrolls of teleportation
 e - 2 scrolls of random uselessness {unknown}
 i - 2 scrolls of identify
 k - a scroll of magic mapping {unknown}
 q - a scroll of noise {unknown}
Potions
 d - a potion of might {unknown}
 h - a potion of curing {unknown}
 j - a potion of flight {unknown}
 l - a potion of mutation {unknown}
 m - a potion of degeneration {unknown}
 o - a potion of lignification {unknown}
Comestibles
 c - 3 rations


   Skills:
 + Level 1.4 Fighting
 - Level 2.4 Dodging
 - Level 2.4 Stealth
 * Level 5.9 Spellcasting
 + Level 5.0 Conjurations


You had 7 spell levels left.
You knew the following spells:

 Your Spells              Type           Power        Failure   Level  Hunger
a - Magic Dart            Conj           ####         1%          1    None
b - Dazzling Spray        Conj/Hex       ###...       11%         3    ##.....
c - Iskenderun's Mystic   Conj           ####....     13%         4    ####...

Your spell library contained the following spells:

 Spells                   Type           Power        Failure   Level  Hunger
 Searing Ray              Conj           ####..       1%          2    None
 Animate Skeleton         Necr           N/A          11%         1    None
 Apportation              Tloc           #.....       11%         1    None
 Confusing Touch          Hex            #.....       11%         1    None
 Summon Small Mammal      Summ           #...         11%         1    None
 Force Lance              Conj/Tloc      ###.....     36%         4    ####...
 Fulminant Prism          Conj/Hex       ###.......   36%         4    ####...


Dungeon Overview and Level Annotations

Branches:
Dungeon (3/15)

Altars:
Trog

Annotations:
D:2 Terence
D:3 Robin


Message History

Casting: Magic Dart (safe; 1% risk of failure)
Confirm with . or Enter, or press ? or * to list all spells.
Aiming: Magic Dart (safe; 1% risk of failure)
Press: ? - help, Shift-Dir - straight line, f - bat
Aim: a bat The magic dart hits the bat.
You kill the bat!
The ball python bites you.
* * * LOW HITPOINT WARNING * * *
The ball python grabs you.
* * * LOW HITPOINT WARNING * * *
The ball python constricts you.
Casting: Magic Dart (safe; 1% risk of failure)
Confirm with . or Enter, or press ? or * to list all spells.
You don't have enough magic to cast that spell.
Unknown command.
You hit the ball python.
The ball python is severely wounded.
The ball python barely misses you. The ball python bites you.
You die...

.# #.# # #)#
#..# ...##
#.g.. #....
#.....########
#............#
##### #@#####
#SSr..#
##Ss..w....
#.......≈≈
#...?.≈≈≈.
#....≈≈≈≈≈
#..%≈≈++##
##...≈# #..≈≈#


You could see a worm, a giant cockroach, 3 ball pythons and a rat.

Vanquished Creatures
  7 adders
  2 worms
  2 dart slugs
  3 leopard geckos (D:2)
  4 giant cockroaches
  10 goblins
  13 hobgoblins
  3 jackals (D:2)
  13 kobolds
  A quokka (D:3)
  6 bats
  2 frilled lizards (D:3)
  9 rats
75 creatures vanquished.

Notes
Turn   | Place    | Note
-------+----------+-------------------------------------------
     0 | D:1      | Heedrag the Deep Elf Conjurer began the quest for the Orb.
     0 | D:1      | Reached XP level 1. HP: 10/10 MP: 6/6
   379 | D:1      | Reached XP level 2. HP: 15/15 MP: 5/9
   818 | D:1      | Reached XP level 3. HP: 19/19 MP: 7/11
  1028 | D:2      | Noticed Terence
  1082 | D:2      | Learned a level 3 spell: Dazzling Spray
  1239 | D:2      | Reached skill level 5 in Spellcasting
  1444 | D:2      | Found a faded altar of an unknown god.
  1515 | D:2      | Reached skill level 1 in Fighting
  1515 | D:2      | Reached XP level 4. HP: 20/25 MP: 5/13
  1583 | D:2      | Noticed a moth of wrath
  1586 | D:2      | Found a bloodstained altar of Trog.
  1704 | D:2      | Learned a level 4 spell: Iskenderun's Mystic Blast
  2265 | D:3      | Noticed Robin
  2283 | D:3      | Reached skill level 5 in Conjurations
  2397 | D:3      | Reached XP level 5. HP: 22/29 MP: 2/15
  2511 | D:3      | HP: 1/29 [ball python (1)]
  2512 | D:3      | Slain by a ball python

Skill      XL: |  1  2  3  4 |
---------------+-------------+-----
Spellcasting   | 4 5 |  5.9
Fighting       | 1 |  1.4
Conjurations   | 5 |  5.0
Dodging        | |  2.4
Stealth        | |  2.4

Action                   |  1- 3 |  4- 6 || total
-------------------------+-------+-------++-------
Melee: Short sword       |     8 |    12 ||    20
 Cast: Magic Dart        |    88 |    87 ||   175
       Dazzling Spray    |       |     2 ||     2
  Use: Scroll            |       |     2 ||     2
  Eat: Chunk             |     1 |     3 ||     4
Armor: Robe              |     5 |    15 ||    20
Dodge: Dodged            |    11 |    35 ||    46
